 Dungeon Crawl Stone Soup version 0.28.0-53-g5a82cb258f (webtiles) character file.

Game seed: 4623379974483900914

19546 Plasmagod the Cleaver (level 12, -26/106 HPs)
             Began as a Minotaur Fighter on July 14, 2022.
             Was a High Priest of Lugonu.
             Annihilated by a boulder beetle (45 damage)
             ... on level 12 of the Dungeon.
             The game lasted 01:25:12 (13350 turns).

Plasmagod the Cleaver (Minotaur Fighter)           Turns: 13350, Time: 01:25:12

Health: -26/106    AC:  4    Str: 23    XL:     12   Next: 37%
Magic:  7/17       EV: 17    Int:  5    God:    Lugonu [*****.]
Gold:   608        SH:  7    Dex: 19    Spells: 11/11 levels left

rFire   . . .      SeeInvis .   q - +5 hand axe
rCold   . . .      Faith    .   c - +0 buckler
rNeg    . . .      Spirit   .   (no armour)
rPois   .          Reflect  .   (helmet restricted)
rElec   .          Harm     .   j - +0 cloak
rCorr   .          Rampage  .   y - +0 pair of gloves
Will    .....                   h - +0 pair of boots
Stlth   ++........              o - amulet of regeneration
HPRegen 1.07/turn               m - +6 ring of dexterity
MPRegen 0.15/turn               K - +4 ring of evasion

@: no status effects
A: horns 2, retaliatory headbutt
a: Renounce Religion, Depart the Abyss, Bend Space, Banish, Corrupt, Enter the
Abyss


You were on level 12 of the Dungeon.
You worshipped Lugonu.
Lugonu was extremely pleased with you.
You visited 2 branches of the dungeon, and saw 13 of its levels.
You also visited: Ossuary and Ice Cave.

You collected 758 gold pieces.
You spent 150 gold pieces at shops.

Inventory:

Hand Weapons
 q - a +5 hand axe (weapon)
 u - a +4 falchion of freezing
Armour
 c - a +0 buckler (worn)
 h - a +0 pair of boots (worn)
 j - a +0 cloak (worn)
 s - a +3 plate armour
 y - a +0 pair of gloves (worn)
 J - the +1 leather armour "Enirypoe" {Fly Slay+3}
   (You found it on level 11 of the Dungeon)

   Slay:      It affects your accuracy & damage with ranged weapons and melee
   (+3).
   Fly:       It grants you flight.
Jewellery
 b - a ring of wizardry
 g - a +6 ring of intelligence
 m - a +6 ring of dexterity (left hand)
 n - an amulet of magic regeneration
 o - an amulet of regeneration (around neck)
 G - the ring of New Discoveries {*Slow rF++ MP+9 Dex+7}
   (You found it on level 9 of the Dungeon)

   [ring of magical power]

   Dex:       It affects your dexterity (+7).
   rF:        It greatly protects you from fire.
   MP:        It affects your magic capacity (+9).
   *Slow:     It may slow you when you take damage.
 K - a +4 ring of evasion (right hand)
 M - a +4 ring of slaying
Wands
 l - a wand of flame (106)
 A - a wand of mindburst (11)
 B - a wand of digging (7)
 C - a wand of acid (11)
 I - a wand of charming (3)
Scrolls
 k - 3 scrolls of magic mapping
 t - a scroll of immolation
 v - 4 scrolls of teleportation
 w - a scroll of noise
 E - a scroll of vulnerability
 H - a scroll of torment
 L - a scroll of amnesia
Potions
 e - a potion of resistance
 f - 2 potions of mutation
 i - 3 potions of curing
 p - 3 potions of flight
 r - 3 potions of brilliance
 z - a potion of ambrosia
 F - a potion of magic
 N - 2 potions of lignification
 O - a potion of haste {unknown}
 P - a potion of invisibility
 Q - a potion of heal wounds {unknown}
Miscellaneous
 D - a tin of tremorstones (1/2)


   Skills:
 + Level 10.0 Fighting
 - Level 14.3 Axes
 + Level 12.5 Armour
 + Level 3.2 Dodging
 + Level 0.7 Stealth
 + Level 8.7 Shields
 * Level 8.4 Invocations


You had 11 spell levels left.
You didn't know any spells.
Your spell library contained the following spells:

 Spells                   Type           Power      Damage    Failure   Level
 Animate Skeleton         Necr           0%         N/A       54%         1
 Sandblast                Erth           0%         2d4       54%         1
 Corpse Rot               Necr/Air       0%         N/A       69%         2
 Ensorcelled Hibernation  Hex/Ice        0%         N/A       69%         2
 Passwall                 Tmut/Erth      0%         N/A       69%         2
 Gell's Gravitas          Tloc           0%         N/A       89%         3
 Stone Arrow              Conj/Erth      0%         3d7       89%         3
 Swiftness                Air            0%         N/A       89%         3
 Teleport Other           Tloc           0%         N/A       89%         3
 Vampiric Draining        Necr           0%         2d6       89%         3
 Animate Armour           Summ/Erth      0%         N/A       100%        4
 Leda's Liquefaction      Hex/Erth       0%         N/A       100%        4
 Agony                    Necr           0%         N/A       100%        5
 Lee's Rapid Deconstruct  Erth           0%         3d5*      100%        5
 Dispersal                Tloc           0%         N/A       100%        6
 Statue Form              Tmut/Erth      0%         N/A       100%        6
 Disjunction              Tloc           0%         N/A       100%        8
 Lehudib's Crystal Spear  Conj/Erth      0%         10d2      100%        8


Dungeon Overview and Level Annotations

Branches:
Dungeon (12/15)            Temple (1/1) D:5            Lair (0/6) D:9
    Orc (0/2) D:9         Ossuary (visited)           IceCv (visited)

Altars:
Ashenzari
Cheibriados
Elyvilon
Fedhas
Gozag
Hepliaklqana
Kikubaaqudgha
Makhleb
Nemelex Xobeh
Okawaru
Qazlal
Ru
Sif Muna
Uskayaw
Vehumet
Wu Jian
Xom
Zin
The Shining One
Beogh
Lugonu

Shops:
D:4 ?([*   D:9 =


Innate Abilities, Weirdness & Mutations

You have a pair of horns on your head.
You reflexively headbutt those who attack you in melee.


Message History

You barely miss the deep elf pyromancer.
Your headbutt misses the deep elf pyromancer.
The deep elf pyromancer is moderately wounded.
The deep elf pyromancer gestures at you while chanting.
The bolt of fire hits you!
You hit the deep elf pyromancer.
The deep elf pyromancer is moderately wounded.
Press: ? - help, Shift-Dir - straight line, f - deep elf pyromancer
Aim: a deep elf pyromancer, wielding a +0 short sword of draining (moderately wounded, chance to affect: 71%)
The deep elf pyromancer is devoured by a tear in reality.
Lugonu claims a new guest.
Lugonu is no longer ready to corrupt your weapon.
Your life force feels restored.
Space bends sharply around you!
The boulder beetle leaps! x2; You blink.
The boulder beetle barely misses you. You furiously retaliate!
You headbutt the boulder beetle!
The boulder beetle stops rolling and uncurls.
You hit the boulder beetle but do no damage.
The boulder beetle is moderately wounded.
You block the boulder beetle's attack.
You barely miss the boulder beetle.
The boulder beetle is moderately wounded.
You hit the boulder beetle.
The boulder beetle is moderately wounded.
The boulder beetle bites you!!
* * * LOW HITPOINT WARNING * * *
Press: ? - help, Shift-Dir - straight line, f - boulder beetle
Aim: a boulder beetle (moderately wounded, chance to affect: 71%)
The boulder beetle struggles to resist.
The boulder beetle bites you!
* * * LOW HITPOINT WARNING * * *
Okay, then.
Space bends sharply around you!
You blink.
The boulder beetle curls into a ball and begins rolling!
Space bends around you!
You blink.
Space bends around you!
You blink.
You block the boulder beetle's attack.
The boulder beetle stops rolling and uncurls.
The boulder beetle curls into a ball and begins rolling!
The boulder beetle hits you!!!
You die...

.......###.......... .. ...#
###..................###. #..###
###............#.###..##.##....#
#...#........######?###..#....##
###.#####.....####.....#..[.....#
#...###.#.......##.....##......#
....#......#..#......#.......$#
...........##........#...###..###
...............B@.......##.......
..>........####........###.......
.............##........##....#..#
.............####<....###..######
................#.....#..###
.........................#
..##.#........##.......###
.###.##..#...#####...### ##
####.##..## #...#


You could see a boulder beetle (rolling).

Vanquished Creatures
  Josephine (D:10)
  Erica (D:8)
  3 two-headed ogres (D:10)
  Pikel (D:6)
  An elephant (D:9)
  3 rime drakes (IceCv)
  3 kobold demonologists (D:10)
  6 trolls
  4 polar bears (IceCv)
  5 hydra skeletons
  2 shadows
  Sigmund (D:2)
  2 wyverns
  7 wraiths
  19 yaks
  3 steam dragons
  Menkaure (D:4)
  A tengu skeleton (D:6)
  Duvessa (D:4)
  A tengu zombie (D:10)
  A water moccasin (D:8)
  3 acid dragons
  A two-headed ogre skeleton (D:9)
  4 orc warriors
  An ogre skeleton (D:11)
  A manticore zombie (D:10)
  2 sky beasts
  2 ice beasts
  4 elf zombies
  3 black bears
  A necrophage (D:7)
  5 wolves (IceCv)
  3 ogres
  4 lemures (D:6)
  5 centaurs
  3 kobold brigands
  3 bullfrogs
  5 scorpions
  A wyvern zombie (D:9)
  A gnoll sergeant (D:8)
  2 water moccasin zombies (D:5)
  Dowan (D:4)
  A cyclops skeleton (D:8)
  2 water moccasin skeletons
  10 killer bees
  5 wights (D:6)
  A troll zombie (D:5)
  7 howler monkeys
  2 centaur zombies
  3 centaur skeletons
  A jelly (D:5)
  A human zombie (Ossuary)
  5 orc priests
  4 bullfrog skeletons
  5 hounds
  3 iguanas
  14 orc wizards
  3 killer bee zombies
  A sky beast zombie (D:10)
  2 mummies (Ossuary)
  6 gnolls
  A howler monkey skeleton (D:6)
  8 adders
  A shadow imp (D:6)
  An ufetubus (D:6)
  A worm zombie (D:6)
  An adder skeleton (D:6)
  4 adder zombies
  9 orc zombies
  3 worms
  3 dart slugs
  43 orcs
  2 bat zombies
  4 endoplasms
  7 giant cockroaches
  5 goblins
  4 hobgoblins
  3 jackals (D:1)
  22 kobolds
  3 quokkas
  10 ball pythons
  A ball python zombie (D:4)
  3 bats
  5 frilled lizards
  2 giant cockroach zombies
  A goblin skeleton (D:8)
  2 goblin zombies
  A hobgoblin skeleton (D:11)
  15 hobgoblin zombies
  A jackal skeleton (D:9)
  3 jackal zombies (Ossuary)
  9 kobold zombies
  4 orc skeletons
  A quokka skeleton (D:10)
  2 quokka zombies (D:10)
  2 rats (D:2)
385 creatures vanquished.

Vanquished Creatures (others)
  A polar bear (IceCv)
  An orc (D:10)
  7 demonic plants (D:10)
  15 plants
24 creatures vanquished.

Grand Total: 409 creatures vanquished

Notes
Turn   | Place    | Note
-------+----------+-------------------------------------------
     0 | D:1      | Plasmagod the Minotaur Fighter began the quest for the Orb.
     0 | D:1      | Reached XP level 1. HP: 19/19 MP: 0/0
   258 | D:1      | Reached XP level 2. HP: 27/27 MP: 1/1
  1241 | D:2      | Reached XP level 3. HP: 21/33 MP: 2/2
  1406 | D:2      | Reached XP level 4. HP: 41/41 MP: 3/3
  1475 | D:2      | Reached skill level 3 in Axes
  1498 | D:2      | Noticed Sigmund
  1511 | D:2      | Killed Sigmund
  1512 | D:2      | Reached skill level 4 in Axes
  1512 | D:2      | Reached skill level 5 in Armour
  1512 | D:2      | Reached skill level 1 in Dodging
  1512 | D:2      | Reached XP level 5. HP: 31/47 MP: 4/4
  2249 | D:3      | Reached XP level 6. HP: 51/53 MP: 5/5
  2291 | D:3      | Found a sparkling altar of Nemelex Xobeh.
  2746 | D:3      | Found a faded altar of an unknown god.
  2761 | D:3      | Prayed at the altar of an unknown god.
  2761 | D:3      | Became a worshipper of Kikubaaqudgha
  2761 | D:3      | Reached * piety under Kikubaaqudgha
  2761 | D:3      | Received a gift from Kikubaaqudgha
  3021 | D:3      | Found a faded altar of an unknown god.
  3025 | D:3      | Found a stormy altar of Qazlal.
  3032 | D:3      | Prayed at the altar of an unknown god.
  3032 | D:3      | Fell from the grace of Kikubaaqudgha
  3032 | D:3      | Became a worshipper of Lugonu the Unformed
  3032 | D:3      | Reached * piety under Lugonu
  3032 | D:3      | Reached ** piety under Lugonu
  3128 | D:3      | You fall into a shaft and drop 2 floors!
  3128 | D:5      | Entered Level 5 of the Dungeon
  3137 | D:5      | Reached skill level 5 in Axes
  3268 | D:4      | Reached XP level 7. HP: 49/60 MP: 6/6
  3345 | D:4      | Reached skill level 6 in Axes
  3429 | D:4      | Found Negoeh's Antique Armour Boutique.
  3430 | D:4      | Found Igadamn's General Store.
  3483 | D:4      | Reached skill level 7 in Axes
  3483 | D:4      | Reached skill level 5 in Shields
  3510 | D:4      | Found Zoymuh's Magic Scroll Boutique.
  3510 | D:4      | Found Zevack's Antique Weapon Boutique.
  3542 | D:4      | Noticed Duvessa
  3542 | D:4      | Noticed Dowan
  3547 | D:4      | Killed Dowan
  3548 | D:4      | Reached skill level 5 in Fighting
  3555 | D:4      | Killed Duvessa
  3556 | D:4      | Reached XP level 8. HP: 28/68 MP: 7/7
  3702 | D:4      | Reached *** piety under Lugonu
  3839 | D:4      | Noticed Menkaure
  3848 | D:4      | HP: 3/68 [Menkaure (3)]
  3849 | D:4      | Killed Menkaure
  3850 | D:4      | Reached skill level 8 in Axes
  4620 | D:5      | Reached skill level 9 in Axes
  4644 | D:5      | Reached skill level 1 in Invocations
  4652 | D:5      | Reached XP level 9. HP: 75/75 MP: 7/9
  4827 | D:5      | Found a staircase to the Ecumenical Temple.
  5013 | D:4      | Bought a scroll of enchant armour for 75 gold pieces
  5013 | D:4      | Bought a scroll of enchant armour for 75 gold pieces
  5409 | D:6      | Found a shimmering blue altar of Sif Muna.
  5415 | D:6      | Found a hide-covered altar of Uskayaw.
  5415 | D:6      | Found a snail-covered altar of Cheibriados.
  5587 | D:6      | Reached skill level 10 in Axes
  5725 | D:6      | Found a shimmering altar of Xom.
  5907 | D:6      | Found a hazy altar of Hepliaklqana.
  5993 | D:6      | Noticed Pikel
  6065 | D:6      | Killed Pikel
  6210 | D:6      | Reached **** piety under Lugonu
  6455 | D:7      | Found a sand-covered staircase.
  6471 | Ossuary  | Entered an ossuary
  6607 | Ossuary  | Reached skill level 11 in Axes
  6628 | Ossuary  | Reached ***** piety under Lugonu
  6755 | D:7      | Reached XP level 10. HP: 86/86 MP: 11/11
  7675 | D:8      | Noticed Erica
  7713 | D:8      | Killed Erica
  8002 | D:8      | Reached skill level 12 in Axes
  8041 | D:8      | Found a burning altar of Makhleb.
  8197 | D:8      | Reached skill level 10 in Armour
  8273 | D:8      | Reached skill level 5 in Invocations
  8772 | D:9      | Found Aheq's Jewellery Shop.
  8836 | D:9      | Found a staircase to the Lair.
  8836 | D:9      | Noticed an elephant
  8873 | D:9      | Killed an elephant
  8874 | D:9      | Reached skill level 13 in Axes
  8874 | D:9      | Reached XP level 11. HP: 77/94 MP: 14/14
  9238 | D:9      | Found a staircase to the Orcish Mines.
  9386 | D:9      | Identified the ring of New Discoveries {*Slow rF++ MP+9
                  | Dex+7}
  9482 | D:10     | Entered Level 10 of the Dungeon
  9618 | D:10     | Found a corrupted altar of Lugonu.
  9684 | D:10     | Noticed Josephine
  9695 | D:10     | Noticed a soul eater
  9701 | D:10     | Noticed a soul eater
  9866 | D:10     | Noticed a two-headed ogre
  9891 | D:10     | Killed a two-headed ogre
 10068 | D:10     | Killed Josephine
 10194 | D:10     | Noticed a two-headed ogre
 10223 | D:10     | Killed a two-headed ogre
 10367 | D:10     | Noticed a sixfirhy
 10369 | D:10     | Reached skill level 14 in Axes
 10553 | D:10     | Noticed a two-headed ogre
 10575 | D:10     | Killed a two-headed ogre
 11305 | D:11     | Reached ****** piety under Lugonu
 11736 | D:11     | Identified the +1 leather armour "Enirypoe" {Fly Slay+3}
 12228 | Temple   | Entered the Ecumenical Temple
 12437 | D:6      | Was forgiven by Kikubaaqudgha
 12607 | D:12     | Reached XP level 12. HP: 96/100 MP: 16/16
 12654 | D:12     | Found a frozen archway.
 12660 | IceCv    | Entered an ice cave
 12999 | IceCv    | Noticed a death yak
 12999 | IceCv    | Noticed a frost giant
 13068 | IceCv    | HP: 2/106 [frost giant/bolt of cold (26)]
 13198 | D:12     | Reached skill level 10 in Fighting
 13292 | D:12     | Noticed a boulder beetle
 13350 | D:12     | Annihilated by a boulder beetle

Illustrated notes

Levels and vault maps discovered:
D:1:      onia_arrival_mini_maze_b, layout_basic, kennysheep_boxes
D:2:      layout_loops_ring, roderic_roman_lattice, st_stairs_11, minivault_5,
          uniq_sigmund
D:3:      layout_rooms, nicolae_overflow_ecumenical_swirl,
          mainiacjoe_overflow_paths, hellmonk_ecumenical_altar_arch_garden,
          minmay_strange_pillars, kennysheep_small_spiral,
          nicolae_figureground_pulse
D:4:      black_bear_nest_1, layout_loops_ring, minmay_door_square,
          minmay_shop_grid_forest, uniq_menkaure, uniq_duvessa
D:5:      cheibrodos_barr_body, layout_cave_pods,
          minmay_temple_entry_proselytizer, columned_hall_lemuel
D:6:      layout_loops_corners, overflow_temple_1_default,
          nicolae_hepliaklqana_hippocampus,
          chequers_temple_overflow_statue_of_worship, minmay_misc_feat_cross,
          uniq_pikel
D:7:      layout_gridville, nicolae_ossuary_entry_false_entrances
D:8:      layout_loops_corners, kennysheep_mini_moat, st_stairs_13, uniq_erica
D:9:      layout_roguey, david_lair_generic, minmay_orc_entry_temple_small,
          serial_shops, shop, grunt_decor_junction
D:10:     kennysheep_kobold_lugonu_temple, layout_basic, glass_columns_c,
          uniq_josephine
D:11:     layout_basic, minivault_1, nicolae_concentric_dashed_squares_mild
D:12:     layout_cave_pools, portal_ice_cave_entry_pillars_2
Temple:   dpeg_chambers_temple

Skill      XL: |  1  2  3  4  5  6  7  8  9 10 11 12 |
---------------+-------------------------------------+-----
Fighting       | 4 5 6 7 8 9 10 | 10.0
Armour         | 4 5 6 7 8 9 10 12 | 12.5
Shields        | 4 5 6 7 8 |  8.7
Axes           | 4 5 7 9 11 13 14 | 14.3
Dodging        | 1 2 3 |  3.2
Invocations    | 1 3 5 7 8 |  8.4
Stealth        | |  0.7

Action                   |  1- 3 |  4- 6 |  7- 9 | 10-12 || total
-------------------------+-------+-------+-------+-------++-------
Melee: War axe           |    48 |   125 |    11 |       ||   184
       Headbutt          |     5 |    24 |    86 |   194 ||   309
       Hand axe          |       |       |   431 |   791 ||  1222
Invok: Bend Space        |       |       |     2 |    10 ||    12
       Banish            |       |       |       |     4 ||     4
Evoke: Tin of tremorston |       |       |       |     1 ||     1
  Use: Scroll            |       |       |    11 |    15 ||    26
       Potion            |       |       |     2 |     6 ||     8
Armor: Scale mail        |    14 |    48 |       |       ||    62
       Chain mail        |       |    22 |    79 |       ||   101
       Plate armour      |       |       |    79 |   358 ||   437
Dodge: Dodged            |    23 |    34 |    91 |   249 ||   397
Block: Buckler           |    14 |    23 |    92 |   172 ||   301
